 Dungeon Crawl Stone Soup version 0.32-a0-996-gb3226c2 (webtiles) character file.

Game seed: 8685649828125271362

162 Decysan the Ruffian (level 5, -3/37 HPs)
             Began as a Demonspawn Shapeshifter on Apr 23, 2024.
             Killed by divine providence
             ... invoked by an orc priest
              (11 damage)
             ... on level 3 of the Dungeon.
             The game lasted 00:03:36 (2590 turns).

Decysan the Ruffian (Demonspawn Shapeshifter)       Turns: 2590, Time: 00:03:36

Health: -3/37      AC:  4    Str: 16    XL:     5   Next: 19%
Magic:  5/5        EV: 11    Int: 11    God:
Gold:   198        SH:  0    Dex: 12    Spells: 4/4 levels left

rFire   . .          .
                       - Unarmed
rCold   . . .        (no shield)
rNeg    . . .        n - +0 leather armour
rPois   .            (helmet currently unavailable)
rElec   .            (cloak currently unavailable)
rCorr   .            (gloves currently unavailable)
SInv    .            (boots currently unavailable)
Will    .....        (no amulet)
Stlth   +            (no ring)
HPRegen 0.26/turn    (no ring)
MPRegen 0.09/turn

%: no passive effects
@: beast-form
A: beast (slay +1), claws 2, sharp scales 1
a: Begin Untransformation, Convert to Beogh


You were on level 3 of the Dungeon.
You were a hulking beast.
You visited 1 branch of the dungeon, and saw 3 of its levels.

You collected 198 gold pieces.

Inventory:

Missiles
 o - 5 poisoned darts (quivered)
Armour
 a - a +0 animal skin
 f - a +0 ring mail
 n - a +0 leather armour (worn)
Jewellery
 q - a ring of fire
Talismans
 c - a beast talisman (active)
 d - a flux talisman
Wands
 s - a wand of flame (21)
Scrolls
 b - a scroll of brand weapon {unknown}
 g - a scroll of revelation {unknown}
 h - 2 scrolls of noise {unknown}
 j - 2 scrolls of identify {unknown}
 k - a scroll of enchant weapon {unknown}
 p - a scroll of blinking {unknown}
Potions
 e - 3 potions of heal wounds {unknown}
 i - 2 potions of enlightenment {unknown}
 l - a potion of brilliance {unknown}
 m - a potion of attraction {unknown}
 r - a potion of berserk rage {unknown}


   Skills:
 + Level 1.2 Fighting
 + Level 2.2 Dodging
 * Level 4.8 Unarmed Combat
 * Level 3.1 Shapeshifting


You had 4 spell levels left.
You didn't know any spells.
Your spell library was empty.

Dungeon Overview and Level Annotations

Branches:
Dungeon (3/15)

Altars:


Innate Abilities, Weirdness & Mutations

You are a hulking beast.
Your limbs bulge with bestial killing power. (Slay +1)
You have very sharp fingernails.
You are partially covered in razor-sharp scales. (AC +1, Slay +1)


Message History

The adder hisses angrily.
You barely miss the adder. The adder barely misses you.
You claw the adder!
You kill the adder!
No target in view!
No target in view!
You see here an adder corpse.
A hobgoblin comes into view.
The hobgoblin shouts!
You barely miss the hobgoblin. The hobgoblin hits you.
You closely miss the hobgoblin. Your claw misses the hobgoblin.
The hobgoblin completely misses you.
You scratch the hobgoblin.
The hobgoblin is almost dead.
The hobgoblin hits you but does no damage.
You claw the hobgoblin!
You kill the hobgoblin!
No target in view!
You see here a hobgoblin corpse.
You see here a hobgoblin corpse.
You see here an adder corpse.
An orc priest comes into view. It is wielding a +0 hand axe.
Found a stone staircase leading up.
The orc priest shouts!
An orc and 2 orc priests come into view.
The orc priest shouts!
You closely miss the orc priest. The orc priest barely misses you.
You closely miss the orc priest.
The orc priest calls down the wrath of Beogh upon you.
Beogh smites you! The orc priest closely misses you.
The orc priest shouts, "Surrender to Beogh and we'll let you live!" (press Y on the ability menu to convert to Beogh)
You barely miss the orc priest. The orc priest hits you with a +0 mace!
The orc priest mumbles some strange prayers to Beogh against you.
Pain shoots through your body!
* * * LOW HITPOINT WARNING * * *
Unknown command.
The orc priest calls down the wrath of Beogh upon you.
Beogh smites you!
You die...

#.# #.#
##########.# #.#
#..........####.#
#..##.####......#
##..#.## ##..####
#...#.# #..#
...####o#.#.#
#..#
.....oo.#.#.#
#.##
...##.##h.#.# #.#
..<.o....##. #.#
.###.##...## ..#
#. .##... .# # ##
.##. ## #


You could see 3 orc priests and an orc.

Vanquished Creatures
  6 adders
  3 gnolls (D:2)
  3 ribbon worms (D:2)
  2 ball pythons (D:1)
  7 endoplasms (D:1)
  9 giant cockroaches
  6 goblins
  10 hobgoblins
  5 jackals
  2 kobolds (D:2)
  2 quokkas
  4 bats
  3 frilled lizards
  4 rats
66 creatures vanquished.

Notes
Turn   | Place    | Note
-------+----------+-------------------------------------------
     0 | D:1      | Decysan the Demonspawn Shapeshifter began the quest for the
                  | Orb.
     0 | D:1      | Reached XP level 1. HP: 15/15 MP: 1/1
    72 | D:1      | Reached skill level 3 in Unarmed Combat
    90 | D:1      | Found a faded altar of an unknown god.
   170 | D:1      | Gained mutation: You have sharp fingernails. [demonic
                  | ancestry]
   170 | D:1      | Reached XP level 2. HP: 11/21 MP: 2/2
   573 | D:1      | Reached XP level 3. HP: 24/26 MP: 3/3
  1522 | D:2      | HP: 1/26 [gnoll/+0 halberd (9)]
  1528 | D:2      | Reached skill level 4 in Unarmed Combat
  1528 | D:2      | Gained mutation: You are partially covered in razor-sharp
                  | scales. (AC +1, Slay +1) [demonic ancestry]
  1528 | D:2      | Reached XP level 4. HP: 4/32 MP: 4/4
  2359 | D:3      | Gained mutation: You have very sharp fingernails. [demonic
                  | ancestry]
  2359 | D:3      | Reached XP level 5. HP: 34/37 MP: 5/5
  2590 | D:3      | Killed from afar by an orc priest

Illustrated notes

Levels and vault maps discovered:
D:1:      sevenhm_arrival_forest_fort_small_3, layout_basic,
          nicolae_ecumenical_lake_church, minmay_pentomino_x2
D:2:      minmay_roachtagon, layout_loops_corners,
          chequers_serial_rivers_room_b, minmay_misc_feat_iff
D:3:      layout_loops_ring, chei_slow_surprise,
          amcnicky_mini_rare_corridor_liquid

Skill      XL: |  1  2  3  4 |
---------------+-------------+-----
Unarmed Combat | 3 4 |  4.8
Dodging        | 2 |  2.2
Shapeshifting  | 3 |  3.1
Fighting       | |  1.2

Action                     |  1- 3 |  4- 6 || total
---------------------------+-------+-------++-------
  Melee: Unarmed           |    99 |    98 ||   197
         Punch             |       |     4 ||     4
    Use: Potion            |     1 |       ||     1
   Stab: Sleeping          |     1 |       ||     1
 Armour: Animal skin       |     6 |       ||     6
         Ring mail         |    40 |       ||    40
         Leather armour    |    12 |    48 ||    60
         Skin              |     3 |     5 ||     8
  Dodge: Dodged            |    43 |    39 ||    82

Table legend: (Time is in decaauts)
 A = Elapsed time spent in this place.
 B = Non-inter-level travel time spent in this place.
 C = Inter-level travel time spent in this place.
 D = Time resting spent in this place.
 E = Time spent auto-exploring this place.
 F = Levels seen in this place.
 G = Mean time per level.
                   A        B        C        D        E       F      G
               +--------+--------+--------+--------+--------+-----+--------+
         Total |   2577 |   2482 |     95 |     41 |   2053 |   3 |  859.0 |
       Dungeon |   2577 |   2482 |     95 |     41 |   2053 |   3 |  859.0 |
               +--------+--------+--------+--------+--------+-----+--------+

Top non-repeatable levels by time:
     D:1: 1172 daAuts
     D:2: 1092 daAuts
     D:3: 312 daAuts
